 Dungeon Crawl Stone Soup version 0.28.0-53-g5a82cb258f (webtiles) character file.

Game seed: 4434844987461109789

1015 Lennethare the Chiller (level 8, -7/57 HPs)
             Began as an Octopode Transmuter on June 17, 2022.
             Mangled by Menkaure (8 damage)
             ... on level 4 of the Dungeon.
             The game lasted 00:24:31 (6414 turns).

Lennethare the Chiller (Octopode Transmuter)        Turns: 6414, Time: 00:24:32

Health: -7/57      AC:  7    Str:  9    XL:     8   Next: 21%
Magic:  12/12      EV: 10    Int: 18    God:
Gold:   228        SH:  0    Dex: 12    Spells: 1/12 levels left

rFire   x . .      SeeInvis .     - Unarmed
rCold   + + +      Faith    .   (shield currently unavailable)
rNeg    . . .      Spirit   .   (helmet currently unavailable)
rPois   +          Reflect  .   (no amulet)
rElec   .          Harm     .   o - ring of wizardry
rCorr   .          Rampage  .   (no ring)
Will    .....                   (no ring)
Stlth   +.........              (no ring)
HPRegen 0.19/turn               (no ring)
MPRegen 0.13/turn               (no ring)
                                (no ring)
                                (no ring)

@: ice-form (expiring)
A: freezing attack, boosted hp, almost no armour, amphibious, 8 rings, large,
(camouflage 1), (gelatinous body 1), (nimble swimmer 1), (tentacles)
a: End Transformation


You were on level 4 of the Dungeon.
You were a creature of crystalline ice.
You visited 2 branches of the dungeon, and saw 6 of its levels.

You collected 228 gold pieces.

Inventory:

Missiles
 a - 8 poisoned darts
 e - 160 stones (quivered)
Armour
 b - a +0 buckler
 p - an orb of light
Jewellery
 o - a ring of wizardry (left front paw)
Scrolls
 c - a scroll of fog {unknown}
 d - 2 scrolls of enchant weapon {unknown}
 f - 3 scrolls of identify {unknown}
 g - a scroll of amnesia {unknown}
 l - a scroll of immolation {unknown}
 m - a scroll of blinking {unknown}
Potions
 h - 2 potions of curing {unknown}
 i - a potion of cancellation {unknown}
 j - 2 potions of haste {unknown}
 k - 3 potions of degeneration {unknown}
 n - a potion of flight {unknown}


   Skills:
 - Level 1.0 Fighting
 - Level 2.1 Dodging
 - Level 3.3 Unarmed Combat
 - Level 2.7 Spellcasting
 - Level 5.2 Transmutations
 + Level 6.1 Ice Magic
 - Level 4.0 Poison Magic


You had one spell level left.
You knew the following spells:

 Your Spells              Type           Power      Damage    Failure   Level
a - Beastly Appendage     Tmut           42%        N/A       1%          1
b - Spider Form           Tmut/Pois      19%        N/A       3%          3
c - Ice Form              Ice/Tmut       23%        N/A       6%          4
d - Mephitic Cloud        Conj/Pois/Air  7%         N/A       12%         3

Your spell library contained the following spells:

 Spells                   Type           Power      Damage    Failure   Level
 Animate Skeleton         Necr           4%         N/A       7%          1
 Magic Dart               Conj           8%         1d3       7%          1
 Pain                     Necr           8%         1d4       7%          1
 Wereblood                Tmut           21%        N/A       1%          2
 Call Imp                 Summ           2%         N/A       11%         2
 Scorch                   Fire           4%         2d5       11%         2
 Sublimation of Blood     Necr           2%         N/A       11%         2
 Vampiric Draining        Necr           2%         2d6       21%         3
 Flame Wave               Conj/Fire      2%         2d4       52%         4
 Summon Lightning Spire   Summ/Air       2%         N/A       52%         4
 Summon Cactus Giant      Summ           1%         N/A       100%        6
 Storm Form               Tmut/Air       5%         N/A       100%        7
 Summon Hydra             Summ           1%         N/A       100%        7
 Maxwell's Capacitive Co  Air            1%         ∞         100%        8


Dungeon Overview and Level Annotations

Branches:
Dungeon (5/15)             Temple (1/1) D:5

Altars:
Cheibriados
Dithmenos
Elyvilon
Fedhas
Hepliaklqana
Kikubaaqudgha
Makhleb
Nemelex Xobeh
Okawaru
Qazlal
Ru
Sif Muna
Vehumet
Wu Jian
Xom
Yredelemnul
The Shining One

Annotations:
D:4 Menkaure


Innate Abilities, Weirdness & Mutations

You are a creature of crystalline ice.
You have a powerful freezing melee attack.
Your maximum health is increased.
Your armour is entirely melded.
You are incapable of wielding weapons or throwing items.
You cannot wear most types of armour.
You are amphibious.
You can wear up to eight rings at the same time.
((Your skin changes colour to match your surroundings (Stealth+).))
((Your rubbery body absorbs attacks. (AC +1, EV +1)))
((You are camouflaged when in or above water. (Stealth+)))
((You have tentacles for arms and can constrict up to eight enemies at once.))


Message History

Casting: Ice Form (dangerous; 6% risk of failure)
Confirm with . or Enter, or press ? or * to list all spells.
You turn into a creature of crystalline ice.
The gnoll shouts!
A gnoll is nearby!
The gnoll hits you with a +0 club.
You punch the gnoll! You freeze the gnoll.
You kill the gnoll!
Things that are here:
a +0 club; a gnoll corpse
There is a stone staircase leading up here.
Things that are here:
a +0 whip; a +0 robe Menkaure shouts!
You see here a +0 ring mail.
Menkaure casts a spell.
Menkaure seems to speed up.
The centaur shouts!
There is a stone staircase leading up here.
Your transformation is almost over.
Menkaure calls on the powers of darkness!
Your body is wracked with pain!
The centaur convulses!
The centaur shoots an arrow.
The arrow hits you but does no damage.
You hear a shout! x4
You hit Menkaure but do no damage. Menkaure hits you.
The centaur shoots an arrow.
The arrow hits you!
* * * LOW HITPOINT WARNING * * *
x2 Menkaure hits you but does no damage.
You punch Menkaure!
Menkaure is heavily damaged.
The centaur shoots an arrow.
The arrow closely misses you.
The centaur shoots an arrow.
The arrow hits you but does no damage. Menkaure barely misses you.
You hear a shout!
You punch Menkaure!
Menkaure is almost destroyed.
The centaur shoots an arrow.
The arrow hits you!
* * * LOW HITPOINT WARNING * * *
x2 Menkaure hits you!
You die...

#.....)....#.....#
#..........#.....#
#..........#.....#
#..........#.....#
#..........#.....#
##'##.###'####..##
#. #.##...###..#
.. #........# # ..
#[..# +..
###.....## #.##..
#.....##.. ##.##..
.....gc... #......
...........
#...... ...(
......


You could see Menkaure (fast), a centaur and a goblin.

Vanquished Creatures
  Sigmund (D:3)
  2 ogres (D:5)
  A centaur (D:3)
  A water moccasin skeleton (D:4)
  3 hounds (D:5)
  A centaur skeleton (D:4)
  A bullfrog skeleton (D:3)
  3 iguanas
  4 orc wizards
  8 gnolls
  6 adders
  A white imp (D:5)
  2 adder skeletons
  3 worms
  4 dart slugs
  5 orcs
  10 ball pythons
  4 bats
  3 endoplasms (D:3)
  A giant cockroach (D:3)
  6 goblins
  9 hobgoblins
  A jackal (D:2)
  A quokka (D:4)
  2 frilled lizards (D:3)
  5 kobolds
  4 rats
92 creatures vanquished.

Vanquished Creatures (others)
  An orc wizard (D:4)
  A bat (D:1)
2 creatures vanquished.

Grand Total: 94 creatures vanquished

Notes
Turn   | Place    | Note
-------+----------+-------------------------------------------
     0 | D:1      | Lennethare the Octopode Transmuter began the quest for the
                  | Orb.
     0 | D:1      | Reached XP level 1. HP: 13/13 MP: 3/3
   417 | D:1      | Reached XP level 2. HP: 18/18 MP: 1/5
   503 | D:1      | Found a faded altar of an unknown god.
   777 | D:1      | Reached XP level 3. HP: 23/23 MP: 4/6
   812 | D:1      | Learned a level 3 spell: Spider Form
  1374 | D:2      | Reached skill level 1 in Poison Magic
  1374 | D:2      | Reached XP level 4. HP: 6/28 MP: 8/8
  2469 | D:3      | Noticed Sigmund
  2479 | D:3      | Killed Sigmund
  2480 | D:3      | Reached XP level 5. HP: 21/33 MP: 9/9
  2480 | D:3      | Reached XP level 6. HP: 24/38 MP: 10/10
  2489 | D:3      | Learned a level 4 spell: Ice Form
  2708 | D:3      | Reached skill level 1 in Ice Magic
  3241 | D:3      | Reached skill level 2 in Ice Magic
  3697 | D:3      | Reached XP level 7. HP: 19/43 MP: 6/11
  4135 | D:4      | Noticed Menkaure
  4181 | D:4      | HP: 2/43 [hound skeleton (4)]
  4760 | D:4      | Reached skill level 3 in Ice Magic
  5006 | D:5      | Entered Level 5 of the Dungeon
  5125 | D:5      | Reached skill level 5 in Transmutations
  5161 | D:5      | Reached skill level 4 in Ice Magic
  5265 | D:5      | Found a staircase to the Ecumenical Temple.
  5282 | Temple   | Entered the Ecumenical Temple
  5634 | D:5      | Found a white marble altar of Elyvilon.
  5635 | D:5      | Found a burning altar of Makhleb.
  5638 | D:5      | Found a sparkling altar of Nemelex Xobeh.
  5639 | D:5      | Found a stormy altar of Qazlal.
  5723 | D:5      | Reached skill level 5 in Ice Magic
  5889 | D:5      | Reached XP level 8. HP: 42/48 MP: 8/12
  5912 | D:5      | Learned a level 3 spell: Mephitic Cloud
  6303 | D:4      | Reached skill level 6 in Ice Magic
  6414 | D:4      | HP: 1/57 [centaur/arrow (2)]
  6414 | D:4      | Mangled by Menkaure

Illustrated notes

Levels and vault maps discovered:
D:1:      shiori_arrival_oz, layout_basic, ebering_ecumenical_altar_mist
D:2:      minmay_chambers_of_twos, layout_rooms
D:3:      minmay_general_purpose_star, layout_loops_cross, corexii_corridor_pit,
          uniq_sigmund
D:4:      layout_gridville, ebering_ghost_gozag, nrook_loot_triangle,
          uniq_robin, uniq_menkaure
D:5:      layout_cave_pools, minitemple, minmay_temple_entry_statues_pillars
Temple:   nicolae_temple_figure_eight

Skill      XL: |  1  2  3  4  5  6  7  8 |
---------------+-------------------------+-----
Poison Magic   | 1 4 |  4.0
Transmutations | 4 5 |  5.2
Ice Magic      | 2 5 6 |  6.1
Fighting       | |  1.0
Dodging        | |  2.1
Unarmed Combat | |  3.3
Spellcasting   | |  2.7

Action                   |  1- 3 |  4- 6 |  7- 9 || total
-------------------------+-------+-------+-------++-------
Melee: Unarmed           |    51 |   124 |   134 ||   309
       Constrict         |    17 |    12 |     4 ||    33
       Tentacles         |    13 |    13 |     5 ||    31
       Kick              |     7 |    14 |       ||    21
       Punch             |     2 |     4 |     1 ||     7
Throw: Stone             |       |     2 |       ||     2
 Cast: Beastly Appendage |     6 |    14 |       ||    20
       Spider Form       |       |     8 |    17 ||    25
       Ice Form          |       |       |     2 ||     2
  Use: Potion            |       |       |     1 ||     1
 Stab: Sleeping          |     1 |       |     1 ||     2
       Distracted        |       |     1 |       ||     1
Armor: Skin              |     5 |    10 |    19 ||    34
Dodge: Dodged            |    22 |    78 |   106 ||   206
Block: Buckler           |     1 |     5 |     3 ||     9
